 Dungeon Crawl Stone Soup version 0.32-a0-872-g59262bdc9b (webtiles) character file.

Game seed: 4959131652256300255

49 PimpSugar the Magician (level 3, -1/26 HPs)
             Began as a Demonspawn Hedge Wizard on Mar 31, 2024.
             Slain by a goblin
             ... wielding a +0 club
             ... led by Robin
              (5 damage)
             ... on level 2 of the Dungeon.
             The game lasted 00:05:03 (1162 turns).

PimpSugar the Magician (Demonspawn Hedge Wizard)    Turns: 1162, Time: 00:05:04

Health: -1/26      AC:  8    Str: 10    XL:     3   Next: 51%
Magic:  5/7        EV: 11    Int: 16    God:
Gold:   29         SH:  0    Dex: 10    Spells: 2/8 levels left

rFire   . . .        a - +0 dagger
rCold   + . .        (no shield)
rNeg    . . .        b - +0 robe
rPois   .            c - +0 hat
rElec   .            (no cloak)
rCorr   .            (no gloves)
SInv    .            (no boots)
Will    .....        e - amulet of regeneration
Stlth   ++           (no ring)
HPRegen 1.04/turn    (no ring)
MPRegen 0.10/turn

%: no passive effects
@: sanguine armoured, very slightly contaminated
A: sanguine armour 1, talons 1, clumsy 1, cold resistance 1, MP-powered wands
a: no special abilities


You were on level 2 of the Dungeon.
You visited 1 branch of the dungeon, and saw 2 of its levels.

You collected 29 gold pieces.

Inventory:

Hand Weapons
 a - a +0 dagger (weapon)
Missiles
 f - a stone
Armour
 b - a +0 robe (worn)
 c - a +0 hat (worn)
Jewellery
 e - an amulet of regeneration (around neck)
Scrolls
 g - a scroll of amnesia


   Skills:
 + Level 1.0 Fighting
 + Level 2.0 Dodging
 + Level 2.0 Stealth
 * Level 3.3 Spellcasting
 * Level 1.7 Conjurations
 + Level 1.3 Summonings
 + Level 0.1 Necromancy
 + Level 1.1 Translocations


You had 2 spell levels left.
You knew the following spells:

 Your Spells              Type           Power      Damage    Failure   Level
a - Magic Dart            Conj           32%        1d4       9%          1
b - Call Imp              Summ           12%        N/A       16%         2
c - Fugue of the Fallen   Necr           3%         N/A       45%         3

Your spell library contained the following spells:

 Spells                   Type           Power      Damage    Failure   Level
 Blink                    Tloc           12%        N/A       17%         2
 Slow                     Hex            8%         N/A       19%         1
 Cigotuvi's Dreadful Rot  Necr/Alch/Air  4%         N/A       26%         2
 Mephitic Cloud           Conj/Alch/Air  4%         N/A       38%         3
 Ozocubu's Armour         Ice            2%         N/A       47%         3
 Manifold Assault         Tloc           3%         N/A       100%        7


Dungeon Overview and Level Annotations

Branches:
Dungeon (2/15)

Altars:
Ashenzari

Annotations:
D:2 Robin


Innate Abilities, Weirdness & Mutations

When seriously injured, your blood forms armour. (AC +6)
You have sharp toenails.
You are clumsy. (Dex -2)
Your flesh is cold resistant. (rC+)
You expend magic power (3 MP) to strengthen your wands.


Message History

The rat misses you. The goblin misses you.
The goblin hits you but does no damage. The goblin hits you with a +0 club.
* * * LOW HITPOINT WARNING * * *
You closely miss the rat. The goblin misses you.
Your cerulean imp hits the hobgoblin but does no damage.
The goblin barely misses you. The hobgoblin barely misses you.
The hobgoblin hits you but does no damage.
The rat closely misses you. The goblin barely misses you.
The goblin hits you but does no damage. The goblin closely misses you.
You feel extremely strange.
You feel clumsy.
Your bones become slightly less dense.
You feel resistant to heat. The goblin closely misses you.
Your cerulean imp hits the hobgoblin but does no damage.
The goblin barely misses you. The hobgoblin misses you.
The rat closely misses you. The hobgoblin closely misses you.
The goblin closely misses you. The goblin completely misses you.
The goblin hits you but does no damage.
You feel extremely strange.
You no longer feel heat resistant.
Your skeletal structure returns to normal.
You feel your magical essence link to the dungeon's wands.
Your toenails lengthen and sharpen.
You feel resistant to cold. The goblin closely misses you.
Your cerulean imp hits the hobgoblin from afar with a -4 spear.
The hobgoblin dies!
The goblin hits you but does no damage. The rat bites you but does no damage.
The goblin hits you but does no damage. The goblin barely misses you.
The goblin hits you with a +0 club.
* * * LOW HITPOINT WARNING * * *
Your Fighting skill increases to level 1!
Sorry, you're not good enough to have a special ability.
You barely miss the hobgoblin. The goblin barely misses you.
Your cerulean imp barely misses the hobgoblin.
The goblin hits you but does no damage. The rat bites you but does no damage.
The hobgoblin hits you but does no damage.
The goblin closely misses you. The goblin hits you with a +0 club.
* * * LOW HITPOINT WARNING * * *
The goblin hits you with a +0 club.
You die...

########### ###
#....!....# ....
#.........# ###+###.....
#.........####..†).......
#........†'..'.†<.....##.
#......5ggg###.)......#
#....!)gr@g.#........##
#.......ggg.#.#.........
.........g..#.#..._.....
...######...#.#..........
.. ##+##.#.......... .
#.#..##..... ..#..# ###+
#..#


You could see Robin, a hobgoblin (strong, ally target), 7 goblins, a rat and a
friendly cerulean imp (summoned).

Vanquished Creatures
  A dart slug (D:1)
  6 ball pythons (D:1)
  3 bats
  3 endoplasms (D:1)
  2 giant cockroaches
  3 goblins
  3 hobgoblins
  A quokka (D:1)
  5 frilled lizards (D:1)
  8 kobolds (D:1)
  4 rats
39 creatures vanquished.

Vanquished Creatures (collateral kills)
  A goblin (D:2)
  A hobgoblin (D:2)
  2 kobolds (D:2)
4 creatures vanquished.

Grand Total: 43 creatures vanquished

Notes
Turn   | Place    | Note
-------+----------+-------------------------------------------
     0 | D:1      | PimpSugar the Demonspawn Hedge Wizard began the quest for
                  | the Orb.
     0 | D:1      | Reached XP level 1. HP: 13/13 MP: 4/4
   126 | D:1      | Reached skill level 1 in Translocations
   195 | D:1      | Gained mutation: When seriously injured, your blood forms
                  | armour. (AC +6) [demonic ancestry]
   195 | D:1      | Reached XP level 2. HP: 19/19 MP: 4/6
   412 | D:1      | Found a faded altar of an unknown god.
   621 | D:1      | Reached XP level 3. HP: 15/25 MP: 4/7
   718 | D:1      | Learned a level 2 spell: Call Imp
   722 | D:1      | Learned a level 3 spell: Fugue of the Fallen
  1085 | D:2      | Found a broken altar of Ashenzari.
  1144 | D:2      | Noticed Robin
  1160 | D:2      | Gained mutation: You are clumsy. (Dex -2) [potion of
                  | mutation]
  1160 | D:2      | Gained mutation: You have a somewhat thin skeletal
                  | structure. (Dex +2, Stealth+) [potion of mutation]
  1160 | D:2      | Gained mutation: Your flesh is heat resistant. (rF+)
                  | [potion of mutation]
  1161 | D:2      | Lost mutation: Your flesh is heat resistant. (rF+) [potion
                  | of mutation]
  1161 | D:2      | Lost mutation: You have a somewhat thin skeletal structure.
                  | (Dex +2, Stealth+) [potion of mutation]
  1161 | D:2      | Gained mutation: You expend magic power (3 MP) to
                  | strengthen your wands. [potion of mutation]
  1161 | D:2      | Gained mutation: You have sharp toenails. [potion of
                  | mutation]
  1161 | D:2      | Gained mutation: Your flesh is cold resistant. (rC+)
                  | [potion of mutation]
  1162 | D:2      | Reached skill level 1 in Fighting
  1162 | D:2      | Slain by a goblin

Illustrated notes

Levels and vault maps discovered:
D:1:      tarquinn_simple_flora_water_f, layout_loops_ring,
          shapermc_ecumenical_altar_mp_urbaneastern
D:2:      kb_forest_paths, layout_basic, basic_altar, uniq_natasha,
          uniq_crazy_yiuf_cottage, uniq_robin

Skill      XL: |  1  2  3 |
---------------+----------+-----
Translocations | 1 |  1.1
Stealth        | 2 |  2.0
Dodging        | 2 |  2.0
Fighting       | 1 |  1.0
Spellcasting   | |  3.3
Conjurations   | |  1.7
Summonings     | |  1.3
Necromancy     | |  0.1

Action                     || total
---------------------------++-------
  Melee: Dagger            ||   179
   Cast: Magic Dart        ||    21
         Call Imp          ||     2
         Fugue of the Fall ||     1
    Use: Scroll            ||     3
         Potion            ||     3
   Stab: Sleeping          ||     3
 Armour: Robe              ||   199
  Dodge: Dodged            ||   173

Table legend: (Time is in decaauts)
 A = Elapsed time spent in this place.
 B = Non-inter-level travel time spent in this place.
 C = Inter-level travel time spent in this place.
 D = Time resting spent in this place.
 E = Time spent auto-exploring this place.
 F = Levels seen in this place.
 G = Mean time per level.
                   A        B        C        D        E       F      G
               +--------+--------+--------+--------+--------+-----+--------+
         Total |   1161 |   1046 |    115 |     68 |    528 |   2 |  580.5 |
       Dungeon |   1161 |   1046 |    115 |     68 |    528 |   2 |  580.5 |
               +--------+--------+--------+--------+--------+-----+--------+

Top non-repeatable levels by time:
     D:1: 1085 daAuts
     D:2: 76 daAuts
